 Dungeon Crawl Stone Soup version 0.31.0-1-g2c135a008e (webtiles) character file.

Game seed: 15481012350319567215

87 qw the Shooter (level 4, -1/35 HPs)
             Began as a Djinni Hunter on Jan 23, 2024.
             Incinerated by a bombardier beetle (2 damage)
             ... with a burning spray
             ... on level 2 of the Dungeon.
             The game lasted 00:00:06 (1706 turns).

qw the Shooter (Djinni Hunter)                      Turns: 1706, Time: 00:00:07

Health: -1/35      AC:  3    Str: 10    XL:     4   Next: 80%
Gold:   73         EV: 13    Int: 10    God:
                   SH:  5    Dex: 19

rFire   + . .        a - +0 shortbow
rCold   . . .        (shield currently unavailable)
rNeg    . . .        c - +0 leather armour
rPois   inf          (no helmet)
rElec   .            (no cloak)
rCorr   .            (no gloves)
SInv    .            (boots unavailable)
Will    .....        d - amulet of reflection
Stlth   +            h - ring of ice
HPRegen 0.25/turn    (no ring)
MPRegen 0.00/turn

%: reflection, infuse magic (-2 HP)
@: on fire, flying, glowing
A: sickness immunity, fire resistance 2, cold vulnerability 1, float, innate
caster, HP casting, extra vitality 1
a: no special abilities


You were on level 2 of the Dungeon.
You visited 1 branch of the dungeon, and saw 3 of its levels.

You collected 73 gold pieces.


Innate Abilities, Weirdness & Mutations

You are immune to sickness and miasma.
You are immune to poison.
Your flesh is very heat resistant. (rF++)
You are vulnerable to cold. (rC-)
You float through the air rather than walking.
You learn spells naturally, not from books.
Your magical power is your life essence.
You have superior vitality. (+4 MHP)


   Skills:
 - Level 3.0 Fighting
 + Level 4.1 Ranged Weapons
 - Level 3.0 Dodging
 - Level 0.7 Stealth


You knew the following spells:

 Your Spells              Type           Power      Damage    Failure   Level
a - Summon Small Mammal   Summ           0%         N/A       45%         1
Your spell library was empty.

Inventory:

Hand Weapons
 a - a +0 shortbow (weapon)
Armour
 c - a +0 leather armour (worn)
Jewellery
 d - an amulet of reflection (around neck)
 h - a ring of ice (left hand)
Scrolls
 f - a scroll of teleportation
Potions
 b - a potion of lignification {unknown}
 g - a potion of curing {unknown}

Dungeon Overview and Level Annotations

Branches:
Dungeon (3/15)

Altars:


Message History

The liquid fire burns you!
1689 ||| STAIRDANCE The liquid fire burns you!
You shake off some of the fire as you move.
You fly upwards.
The liquid fire burns you!
There is a stone staircase leading down here.
You are on fire!
The liquid fire burns you!
You are on fire!
The liquid fire burns you!
You are on fire!
The liquid fire burns you!
You are on fire!
The liquid fire burns you!
You are on fire!
The liquid fire burns you!
You are on fire!
The liquid fire burns you!
You are on fire!
The liquid fire burns you!
You are on fire!
The liquid fire burns you!
You are on fire!
The liquid fire burns you!
You are on fire!
The liquid fire burns you!
You are on fire!
The liquid fire burns you!
You are on fire!
The liquid fire burns you!
You are on fire!
The liquid fire burns you!
You are on fire!
The liquid fire burns you!
You are on fire!
The liquid fire burns you!
You are on fire!
The liquid fire burns you!
You die...

8##.# #.##.##>##......# ###.#
#.##.##<####.#### ###.####
#.##.##.# #%# ...(...###.......#
#%# .##.#.......#.##.# #.#
.##.#..##..._....####.#
......................#
.#.##..#......#%.################
.......##......)@# #.........
.................# #.##.#.###
..#.########...### ##.##.#.#
#...# #...# #.....#.# ##### #...#
#..####.# ##### #...###### #..#
##.###
%...########.<......###..###..#..
.##.#.................#.##.##.#..
......................###.%.##...


There were no monsters in sight!

Vanquished Creatures
  A gnoll (D:2)
  2 adders (D:2)
  A ribbon worm (D:2)
  6 endoplasms
  3 giant cockroaches
  8 hobgoblins
  8 jackals (D:1)
  2 kobolds
  4 quokkas (D:2)
  4 ball pythons
  2 bats
  4 frilled lizards
  2 goblins (D:2)
  4 rats
51 creatures vanquished.

Notes
Turn   | Place    | Note
-------+----------+-------------------------------------------
     0 | D:1      | qw the Djinni Hunter began the quest for the Orb.
     0 | D:1      | Reached XP level 1. HP: 18/18 MP: 0/0
     0 | D:1      | 0 ||| qw: Version: 0.3-a-136-gdd3b4e8
     0 | D:1      | 0 ||| qw: Game counter: 1026
     0 | D:1      | 0 ||| qw: Melee chars always use a shield: true
     0 | D:1      | 0 ||| qw: God list: Okawaru
     0 | D:1      | 0 ||| qw: Allow faded altars: false
     0 | D:1      | 0 ||| qw: Do Orc after clearing Dungeon:15 true
     0 | D:1      | 0 ||| qw: Do second Lair branch before Depths: true
     0 | D:1      | 0 ||| qw: Lair rune preference: random
     0 | D:1      | 0 ||| qw: Goals: Normal
     0 | D:1      | 0 ||| PLANNING D:1-11
    12 | D:1      | 12 ||| DROPPING scroll of butterflies.
    58 | D:1      | Reached XP level 2. HP: 23/23 MP: 0/0
   321 | D:1      | Reached skill level 4 in Ranged Weapons
   321 | D:1      | Reached XP level 3. HP: 26/28 MP: 0/0
   321 | D:1      | Learned a level 1 spell: Summon Small Mammal
   752 | D:1      | 752 ||| UPGRADING to amulet of reflection.
   757 | D:1      | 757 ||| UPGRADING to ring of ice.
   758 | D:1      | 758 ||| READING scroll labelled TECKOI IPIDOT.
   859 | D:1      | 859 ||| READING 2 scrolls labelled JISIEN UMEHA.
   860 | D:1      | 860 ||| READING 2 scrolls labelled ASUHAU LURO.
   864 | D:1      | 864 ||| DROPPING scroll of amnesia.
   891 | D:2      | Found a faded altar of an unknown god.
  1111 | D:2      | Reached XP level 4. HP: 34/34 MP: 0/0
  1113 | D:2      | Reached skill level 3 in Fighting
  1317 | D:2      | Reached skill level 3 in Dodging
  1503 | D:2      | 1503 ||| READING scroll labelled YNIMIATEIVU.
  1532 | D:3      | 1532 ||| STAIRDANCE
  1536 | D:3      | 1536 ||| STAIRDANCE
  1619 | D:3      | 1619 ||| STAIRDANCE
  1689 | D:3      | 1689 ||| STAIRDANCE
  1701 | D:2      | HP: 8/35 [burnt (2)]
  1704 | D:2      | HP: 3/35 [burnt (2)]
  1705 | D:2      | HP: 1/35 [burnt (3)]
  1706 | D:2      | Incinerated by a bombardier beetle

Levels and vault maps discovered:
D:1:      minmay_arrival_stone_box, layout_basic, glass_columns_a
D:2:      minmay_alternating_diamond, layout_loops_cross, basic_altar,
          basic_ecumenical_altar, dk_noncrumbling_4
D:3:      layout_rooms

Skill      XL: |  1  2  3  4 |
---------------+-------------+-----
Ranged Weapons | 4 |  4.1
Fighting       | 3 |  3.0
Dodging        | 3 |  3.0
Stealth        | |  0.7

Action                     |  1- 3 |  4- 6 || total
---------------------------+-------+-------++-------
   Fire: Shortbow          |   116 |    74 ||   190
    Use: Scroll            |     3 |     1 ||     4
 Armour: Leather armour    |    27 |    25 ||    52
  Dodge: Dodged            |    44 |    39 ||    83
  Block: Other             |       |    12 ||    12

Table legend:
 A = Non-vault XP
 B = Vault XP
 C = Vault XP percentage of total XP
 D = Non-vault monster count
 E = Vault monster count
 F = Vault count percentage of total count
                 A         B        C        D         E       F
            +---------+---------+-------+---------+---------+-------
      Total |      92 |      33 |  26.4 |      45 |       6 |  11.8
            +---------+---------+-------+---------+---------+-------
        D:1 |      43 |       0 |   0.0 |      24 |       0 |   0.0
        D:2 |      49 |      33 |  40.2 |      21 |       6 |  22.2
            +---------+---------+-------+---------+---------+-------
